Inferno vs Tamiflu
Created - 16 février 2016 at 19:47
Goals
|
| Inferno |
0 |
1 |
1 |
2 |
| Tamiflu |
1 |
2 |
1 |
4 |
|
Shots
|
| Inferno |
12 |
8 |
9 |
29 |
| Tamiflu |
11 |
16 |
8 |
35 |
|
1st period
1. Tamiflu , Jan Mursak 13 (Nathan Oystrick, Petr Pohl) at 16:52
Penalties :
Nino Niederreiter (Det) for Slashing (Minor) at 2:53, Beau Bennett (Anc) for Holding (Minor) at 11:51
2nd period
2. Inferno , Christian Folin 3 (Yannick Weber, Pavel Vorobiev) at 4:06
3. Tamiflu , Petr Pohl 31 (Greg Mauldin, Jan Mursak) at 7:08
4. Tamiflu , Ben Hanowski 7 (Jordan Hendry, Garrett Wilson) at 16:34
Penalties :
Stephane Veilleux (Anc) for Hooking (Minor) at 16:37
3rd period
5. Inferno , Brian Boyle 12 (Colby Robak, Anders Lee) at 10:28
6. Tamiflu , Mike Duco 16 (Jonathan Sigalet) at 13:49
Penalties :
Nino Niederreiter (Det) for Tripping (Minor) at 0:29, Kyle Lawson (Det) for Boarding (Minor) at 4:03, Cal O'Reilly (Anc) for Hooking (Minor) at 7:57, Petr Pohl (Det) for Hooking (Minor) at 11:43
Goalie Stats
Josh Harding (Anc), 31 saves from 35 shots - (0,886), L, 22-11-3, 60:00 minutes
Mike McKenna (Det), 27 saves from 29 shots - (0,931), W, 16-16-5, 60:00 minutes
Players Stats for Inferno
Player Name G A P +/- PIM S H SB GA TA FO MP PP MP PK MP
------------------------------------------------------------------------------------
Anders Lee 0 1 1 -1 0 2 1 1 0 0 1/1 8:38 0:00 1:22
Beau Bennett 0 0 0 -2 2 2 1 0 0 0 0/0 7:39 0:00 0:00
Brendan Mikkelson 0 0 0 -1 0 2 1 1 1 1 0/0 26:45 4:12 3:34
Brian Boyle 1 0 1 -1 0 6 2 2 0 0 7/11 15:42 0:00 1:53
Cal O'Reilly 0 0 0 1 2 1 1 0 0 0 6/10 14:23 4:13 0:00
Christian Folin 1 0 1 1 0 1 1 0 0 0 0/0 9:10 0:00 0:00
Colby Robak 0 1 1 -1 0 1 0 1 2 1 0/0 22:11 3:44 2:26
Evgeny Kuznetsov 0 0 0 -1 0 0 0 0 0 0 0/0 11:35 4:13 0:00
Jake Dowell 0 0 0 -1 0 0 1 0 0 0 0/0 13:22 0:00 0:00
Jonathan Ferland 0 0 0 -1 0 2 2 2 0 0 2/3 22:54 3:43 3:28
Pavel Vorobiev 0 1 1 1 0 1 2 1 0 0 0/0 9:10 0:00 0:00
Sami Vatanen 0 0 0 0 0 0 0 4 0 0 0/0 17:15 0:00 2:26
Simon Danis-Pepin 0 0 0 0 0 1 0 1 0 1 0/0 11:13 0:00 0:00
Stephane Veilleux 0 0 0 -1 2 3 1 0 2 0 1/1 21:08 3:43 1:40
Vladimir Sobotka 0 0 0 -1 0 1 0 2 0 0 21/34 22:29 3:43 3:28
Vladimir Zharkov 0 0 0 0 0 5 1 0 0 0 1/2 17:41 4:13 0:00
Yannick Weber 0 1 1 -1 0 1 2 1 0 1 0/0 26:36 4:12 3:31
Zach Redmond 0 0 0 -1 0 0 0 1 0 0 0/0 16:09 3:44 0:00
Players Stats for Tamiflu
Player Name G A P +/- PIM S H SB GA TA FO MP PP MP PK MP
------------------------------------------------------------------------------------
Ben Hanowski 1 0 1 1 0 6 1 0 0 0 0/0 10:14 0:00 0:00
Casey Wellman 0 0 0 -1 0 3 1 0 0 1 1/9 15:24 2:35 1:41
Garrett Wilson 0 1 1 1 0 1 1 0 0 0 0/1 12:18 0:00 2:17
Greg Mauldin 0 1 1 2 0 2 1 1 0 0 13/33 21:59 3:22 3:49
Greg McKegg 0 0 0 1 0 1 0 0 0 0 1/3 10:56 0:00 0:55
Jan Mursak 1 1 2 2 0 2 1 0 0 1 1/4 17:40 3:22 0:00
Jerome Gauthier-Leduc 0 0 0 0 0 0 0 0 0 0 0/0 0:00 0:00 0:00
Jonathan Sigalet 0 1 1 1 0 5 0 2 0 1 0/0 25:36 3:41 4:29
Jordan Hendry 0 1 1 0 0 4 2 0 0 0 0/0 19:07 2:16 3:27
Justin Braun 0 0 0 1 0 0 0 1 0 0 0/0 10:41 0:00 0:00
Konrad Abeltshauser 0 0 0 0 0 0 0 0 0 0 0/0 0:45 0:00 0:42
Kyle Lawson 0 0 0 0 2 1 1 1 0 0 0/0 18:50 2:16 2:45
Mike Duco 1 0 1 0 0 2 5 0 1 0 0/0 12:32 2:35 0:00
Nathan Oystrick 0 1 1 1 0 1 1 2 1 1 0/0 25:36 3:41 4:29
Nino Niederreiter 0 0 0 -1 4 0 1 0 2 0 1/1 11:26 0:00 0:19
Petr Pohl 1 1 2 2 2 3 2 0 0 0 2/2 21:10 3:22 3:01
Philippe Dupuis 0 0 0 0 0 0 2 0 0 0 4/9 13:26 0:00 3:10
Rich Clune 0 0 0 0 0 0 0 1 0 0 0/0 10:10 0:00 0:00
Stefan Elliott 0 0 0 0 0 0 0 0 0 0 0/0 4:36 0:00 0:00
Teemu Laakso 0 0 0 0 0 0 0 0 0 1 0/0 4:36 0:00 0:00
Tye McGinn 0 0 0 -1 0 4 0 0 0 0 0/0 14:17 2:35 0:40
Zach Trotman 0 0 0 1 0 0 0 0 0 0 0/0 10:41 0:00 0:00
3 Stars
1 - Jan Mursak (Det)
2 - Petr Pohl (Det)
3 - Mike Duco (Det)
Power Play
Inferno - 0 on 4 Attempt(s) - 0,00%
Tamiflu - 0 on 3 Attempt(s) - 0,00%
Penalty Kill
Inferno - 3 on 3 Attempt(s) - 100,00%
- Score 0 goal in Penalty Kill
Tamiflu - 4 on 4 Attempt(s) - 100,00%
- Score 0 goal in Penalty Kill
Team Stat
Inferno - Hits : 16 - Faceoff Wins : 39 - Blocked Shots : 17 - Penalty Minutes : 6
Tamiflu - Hits : 19 - Faceoff Wins : 23 - Blocked Shots : 8 - Penalty Minutes : 8
Official
Referees : Peel Tim and O'Halloran Dan
Linesman : Bryan Pancich and Don Henderson
Game Notes
No Game Note
Finance
Level 1 -- Attendance: 1386 (69,30%) -- Ticket Income 41 580 $
Level 2 -- Attendance: 759 (75,90%) -- Ticket Income 9 108 $
Total Attendance: 2145 (71,50%)
Total Ticket Income: 50 688 $
Other Income: 2 534 $
Total Income: 53 222 $
Inferno
5 vs 5 Forward
Center Left Wing Right Wing Time % Phy DF OF
1 Vladimir Sobotka Stephane Veilleux Jonathan Ferland 40 1 2 2
2 Brian Boyle Jake Dowell Vladimir Zharkov 30 1 2 2
3 Cal O'Reilly Christian Folin Pavel Vorobiev 20 1 2 2
4 Anders Lee Evgeny Kuznetsov Beau Bennett 10 1 2 2
5 vs 5 Defense
Defense Defense Time % Phy DF OF
1 Brendan Mikkelson Yannick Weber 40 1 2 2
2 Colby Robak Sami Vatanen 30 1 2 2
3 Simon Danis-Pepin Zach Redmond 20 1 2 2
4 Brendan Mikkelson Yannick Weber 10 1 2 2
PowerPlay Forward
Center Left Wing Right Wing Time % Phy DF OF
1 Vladimir Sobotka Stephane Veilleux Jonathan Ferland 60 1 2 2
2 Cal O'Reilly Evgeny Kuznetsov Vladimir Zharkov 40 1 2 2
PowerPlay Defense
Defense Defense Time % Phy DF OF
1 Brendan Mikkelson Yannick Weber 60 1 2 2
2 Colby Robak Zach Redmond 40 1 2 2
Penalty Kill 4 Players Forward
Center Wing Time % Phy DF OF
1 Vladimir Sobotka Jonathan Ferland 60 1 2 2
2 Brian Boyle Stephane Veilleux 40 1 2 2
Penalty Kill 4 Players Defense
Defense Defense Time % Phy DF OF
1 Brendan Mikkelson Yannick Weber 60 1 2 2
2 Colby Robak Sami Vatanen 40 1 2 2
Penalty Kill - 3 Players Forward
Forward Time % Phy DF OF
1 Jonathan Ferland 60 1 2 2
2 Vladimir Sobotka 40 1 2 2
Penalty Kill - 3 Players Defense
Defense Defense Time % Phy DF OF
1 Brendan Mikkelson Yannick Weber 60 1 2 2
2 Colby Robak Sami Vatanen 40 1 2 2
4 vs 4 Forward
Center Wing Time % Phy DF OF
1 Vladimir Sobotka Jonathan Ferland 60 1 2 2
2 Brian Boyle Stephane Veilleux 40 1 2 2
4 vs 4 Defense
Defense Defense Time % Phy DF OF
1 Brendan Mikkelson Yannick Weber 60 1 2 2
2 Colby Robak Zach Redmond 40 1 2 2
Last Minutes Offensive
Center Left Wing Right Wing Defense Defense
Vladimir Sobotka Stephane Veilleux Jonathan Ferland Brendan Mikkelson Yannick Weber
Last Minutes Defensive
Center Left Wing Right Wing Defense Defense
Vladimir Sobotka Stephane Veilleux Jonathan Ferland Brendan Mikkelson Yannick Weber
Goaltenders
Starting : Josh Harding
Backup : Michael Hutchinson
Extra Forwards
Normal : Vladimir Sobotka, Vladimir Zharkov, Brian Boyle - PP : Pavel Vorobiev, Beau Bennett - PK : Brian Boyle
Extra Defensemen
Normal : Colby Robak, Sami Vatanen, Zach Redmond - PP : Zach Redmond - PK : Colby Robak, Zach Redmond
Penalty Shots
Stephane Veilleux, Vladimir Zharkov, Jonathan Ferland, Anders Lee, Pavel Vorobiev
Tamiflu
5 vs 5 Forward
Center Left Wing Right Wing Time % Phy DF OF
1 Greg Mauldin Jan Mursak Petr Pohl 40 1 2 2
2 Casey Wellman Tye McGinn Nino Niederreiter 30 1 2 2
3 Philippe Dupuis Rich Clune Mike Duco 20 1 2 2
4 Greg McKegg Garrett Wilson Ben Hanowski 10 1 2 2
5 vs 5 Defense
Defense Defense Time % Phy DF OF
1 Jonathan Sigalet Nathan Oystrick 40 1 2 2
2 Jordan Hendry Kyle Lawson 30 1 2 2
3 Justin Braun Zach Trotman 20 1 2 2
4 Teemu Laakso Stefan Elliott 10 1 2 2
PowerPlay Forward
Center Left Wing Right Wing Time % Phy DF OF
1 Greg Mauldin Jan Mursak Petr Pohl 60 1 2 2
2 Casey Wellman Tye McGinn Mike Duco 40 1 2 2
PowerPlay Defense
Defense Defense Time % Phy DF OF
1 Jonathan Sigalet Nathan Oystrick 60 1 2 2
2 Jordan Hendry Kyle Lawson 40 1 2 2
Penalty Kill 4 Players Forward
Center Wing Time % Phy DF OF
1 Greg Mauldin Petr Pohl 60 1 2 2
2 Casey Wellman Nino Niederreiter 40 1 2 2
Penalty Kill 4 Players Defense
Defense Defense Time % Phy DF OF
1 Jonathan Sigalet Nathan Oystrick 60 1 2 2
2 Jordan Hendry Kyle Lawson 40 1 2 2
Penalty Kill - 3 Players Forward
Forward Time % Phy DF OF
1 Greg Mauldin 60 1 2 2
2 Casey Wellman 40 1 2 2
Penalty Kill - 3 Players Defense
Defense Defense Time % Phy DF OF
1 Jonathan Sigalet Nathan Oystrick 60 1 2 2
2 Jordan Hendry Kyle Lawson 40 1 2 2
4 vs 4 Forward
Center Wing Time % Phy DF OF
1 Greg Mauldin Petr Pohl 60 1 2 2
2 Casey Wellman Nino Niederreiter 40 1 2 2
4 vs 4 Defense
Defense Defense Time % Phy DF OF
1 Jonathan Sigalet Nathan Oystrick 60 1 2 2
2 Jordan Hendry Kyle Lawson 40 1 2 2
Last Minutes Offensive
Center Left Wing Right Wing Defense Defense
Greg Mauldin Jan Mursak Petr Pohl Jonathan Sigalet Nathan Oystrick
Last Minutes Defensive
Center Left Wing Right Wing Defense Defense
Greg Mauldin Jan Mursak Petr Pohl Jonathan Sigalet Nathan Oystrick
Goaltenders
Starting : Mike McKenna
Backup : Thomas Greiss
Extra Forwards
Normal : Nino Niederreiter, Rich Clune, Philippe Dupuis - PP : Nino Niederreiter, Rich Clune - PK : Philippe Dupuis
Extra Defensemen
Normal : Jerome Gauthier-Leduc, Konrad Abeltshauser, Justin Braun - PP : Jerome Gauthier-Leduc - PK : Konrad Abeltshauser, Justin Braun
Penalty Shots
Greg Mauldin, Petr Pohl, Mike Duco, Ben Hanowski, Jan Mursak
% Time on Ice - Inferno
Lines # - Real PCT - Wanted PCT - Time Play
Normal Forward
1 - 35% - 40% - 16:13
2 - 30% - 30% - 14:01
3 - 20% - 20% - 9:10
4 - 15% - 10% - 6:43
Normal Defense
1 - 38% - 40% - 17:28
2 - 35% - 30% - 16:01
3 - 24% - 20% - 11:13
4 - 3% - 10% - 1:25
PP Forward
1 - 47% - 60% - 3:43
2 - 53% - 40% - 4:13
PP Defense
1 - 53% - 60% - 4:12
2 - 47% - 40% - 3:44
PK Forward
1 - 70% - 60% - 4:10
2 - 30% - 40% - 1:47
PK Defense
1 - 59% - 60% - 3:31
2 - 41% - 40% - 2:26
PK3 Forward
1 - 0% - 60%
2 - 0% - 40%
PK3 Defense
1 - 0% - 60%
2 - 0% - 40%
44 Forward
1 - 0% - 60%
2 - 0% - 40%
44 Defense
1 - 0% - 60%
2 - 0% - 40%
Last Minute Offensive - 0:00
Last Minute Defensive - 0:00
Total
Forward - 60:00
Defense - 60:00
|
% Time on Ice - Tamiflu
Lines # - Real PCT - Wanted PCT - Time Play
Normal Forward
1 - 33% - 40% - 15:12
2 - 24% - 30% - 11:08
3 - 21% - 20% - 9:52
4 - 22% - 10% - 9:55
Normal Defense
1 - 38% - 40% - 17:26
2 - 29% - 30% - 13:24
3 - 23% - 20% - 10:41
4 - 10% - 10% - 4:36
PP Forward
1 - 57% - 60% - 3:22
2 - 43% - 40% - 2:35
PP Defense
1 - 62% - 60% - 3:41
2 - 38% - 40% - 2:16
PK Forward
1 - 79% - 60% - 6:15
2 - 21% - 40% - 1:41
PK Defense
1 - 57% - 60% - 4:29
2 - 43% - 40% - 3:27
PK3 Forward
1 - 0% - 60%
2 - 0% - 40%
PK3 Defense
1 - 0% - 60%
2 - 0% - 40%
44 Forward
1 - 0% - 60%
2 - 0% - 40%
44 Defense
1 - 0% - 60%
2 - 0% - 40%
Last Minute Offensive - 0:00
Last Minute Defensive - 0:00
Total
Forward - 60:00
Defense - 60:00
|
Play by Play
1st period
0:01 of 1st period - Vladimir Sobotka wins face-off versus Greg Mauldin in neutral zone.
0:26 of 1st period - Nathan Oystrick is hit by Jake Dowell and loses puck.
0:37 of 1st period - Snap shot by Brian Boyle.
0:37 of 1st period - Stopped by Mike McKenna with a rebound.
0:39 of 1st period - Snap shot by Vladimir Zharkov.
0:39 of 1st period - Stopped by Mike McKenna with a rebound.
1:09 of 1st period - Backhand shot by Nathan Oystrick.
1:09 of 1st period - Shot Blocked by Sami Vatanen.
1:11 of 1st period - Slapshot by Jonathan Sigalet.
1:11 of 1st period - Stopped by Josh Harding with a rebound.
1:35 of 1st period - Slapshot by Stephane Veilleux.
1:35 of 1st period - Shot Blocked by Greg Mauldin.
1:59 of 1st period - Slapshot by Brian Boyle.
1:59 of 1st period - Stopped by Mike McKenna without a rebound.
2:00 of 1st period - Vladimir Sobotka wins face-off versus Jan Mursak in Tamiflu zone.
2:25 of 1st period - Cal O'Reilly is hit by Mike Duco.
2:29 of 1st period - Justin Braun is hit by Brendan Mikkelson.
2:30 of 1st period - Icing by Justin Braun.
2:31 of 1st period - Brian Boyle wins face-off versus Philippe Dupuis in Tamiflu zone.
2:42 of 1st period - Snap shot by Brian Boyle.
2:42 of 1st period - Deflect By Vladimir Zharkov.
2:42 of 1st period - Stopped by Mike McKenna with a rebound.
2:44 of 1st period - Snap shot by Vladimir Zharkov.
2:44 of 1st period - Shot Misses the Net.
2:46 of 1st period - Slapshot by Yannick Weber.
2:46 of 1st period - Stopped by Mike McKenna without a rebound.
2:47 of 1st period - Vladimir Sobotka wins face-off versus Casey Wellman in Tamiflu zone.
2:53 of 1st period - Minor Penalty to Nino Niederreiter for Slashing.
2:54 of 1st period - Vladimir Sobotka wins face-off versus Greg Mauldin in Tamiflu zone.
3:10 of 1st period - Petr Pohl is hit by Jonathan Ferland and loses puck.
3:34 of 1st period - Icing by Zach Redmond.
3:35 of 1st period - Cal O'Reilly wins face-off versus Greg Mauldin in Inferno zone.
3:56 of 1st period - Backhand shot by Vladimir Zharkov.
3:56 of 1st period - Stopped by Mike McKenna without a rebound.
3:57 of 1st period - Stephane Veilleux wins face-off versus Casey Wellman in Tamiflu zone.
4:53 of 1st period - Penalty to Nino Niederreiter is over, Nino Niederreiter is back on ice.
5:29 of 1st period - Kyle Lawson is hit by Yannick Weber and loses puck.
6:00 of 1st period - Snap shot by Greg Mauldin.
6:00 of 1st period - Shot Misses the Net.
6:12 of 1st period - Snap shot by Tye McGinn.
6:12 of 1st period - Stopped by Josh Harding with a rebound.
6:14 of 1st period - Snap shot by Zach Trotman.
6:14 of 1st period - Shot Misses the Net.
7:04 of 1st period - Wrist shot by Cal O'Reilly.
7:04 of 1st period - Shot Blocked by Nathan Oystrick.
7:38 of 1st period - Slapshot by Nino Niederreiter.
7:38 of 1st period - Shot Blocked by Colby Robak.
7:58 of 1st period - Wrist shot by Rich Clune.
7:58 of 1st period - Shot Blocked by Vladimir Sobotka.
8:00 of 1st period - Snap shot by Rich Clune.
8:00 of 1st period - Shot Misses the Net.
8:22 of 1st period - Pavel Vorobiev is hit by Petr Pohl and loses puck.
8:58 of 1st period - Wrist shot by Beau Bennett.
8:58 of 1st period - Shot Misses the Net.
9:24 of 1st period - Off-side.
9:25 of 1st period - Jonathan Ferland wins face-off versus Greg Mauldin in neutral zone.
9:49 of 1st period - Jonathan Sigalet is hit by Stephane Veilleux and loses puck.
10:25 of 1st period - Simon Danis-Pepin is hit by Ben Hanowski and loses puck.
10:44 of 1st period - Slapshot by Jordan Hendry.
10:44 of 1st period - Shot Misses the Net.
10:56 of 1st period - Wrist shot by Ben Hanowski.
10:56 of 1st period - Stopped by Josh Harding with a rebound.
10:58 of 1st period - Slapshot by Jordan Hendry.
10:58 of 1st period - Shot Misses the Net.
11:00 of 1st period - Slapshot by Jordan Hendry.
11:00 of 1st period - Stopped by Josh Harding without a rebound.
11:01 of 1st period - Cal O'Reilly wins face-off versus Greg Mauldin in Inferno zone.
11:01 of 1st period - Cal O'Reilly is hit by Nathan Oystrick.
11:51 of 1st period - Minor Penalty to Beau Bennett for Holding.
11:52 of 1st period - Vladimir Sobotka wins face-off versus Greg Mauldin in Inferno zone.
12:05 of 1st period - Slapshot by Greg Mauldin.
12:05 of 1st period - Stopped by Josh Harding without a rebound.
12:06 of 1st period - Vladimir Sobotka wins face-off versus Greg Mauldin in Inferno zone.
12:35 of 1st period - Snap shot by Casey Wellman.
12:35 of 1st period - Shot Misses the Net.
12:37 of 1st period - Slapshot by Jordan Hendry.
12:37 of 1st period - Stopped by Josh Harding with a rebound.
13:51 of 1st period - Penalty to Beau Bennett is over, Beau Bennett is back on ice.
14:17 of 1st period - Brendan Mikkelson is hit by Mike Duco and loses puck.
14:36 of 1st period - Wrist shot by Beau Bennett.
14:36 of 1st period - Stopped by Mike McKenna with a rebound.
14:38 of 1st period - Slapshot by Simon Danis-Pepin.
14:38 of 1st period - Stopped by Mike McKenna without a rebound.
14:39 of 1st period - Anders Lee wins face-off versus Greg McKegg in Tamiflu zone.
14:42 of 1st period - Wrist shot by Anders Lee.
14:42 of 1st period - Stopped by Mike McKenna with a rebound.
14:50 of 1st period - Snap shot by Beau Bennett.
14:50 of 1st period - Stopped by Mike McKenna with a rebound.
15:00 of 1st period - Nathan Oystrick is hit by Brian Boyle and loses puck.
15:09 of 1st period - Slapshot by Jonathan Sigalet.
15:09 of 1st period - Shot Blocked by Brian Boyle.
15:11 of 1st period - Slapshot by Kyle Lawson.
15:11 of 1st period - Shot Blocked by Brian Boyle.
15:13 of 1st period - Slapshot by Kyle Lawson.
15:13 of 1st period - Shot Misses the Net.
15:23 of 1st period - Slapshot by Jordan Hendry.
15:23 of 1st period - Stopped by Josh Harding without a rebound.
15:24 of 1st period - Greg Mauldin wins face-off versus Vladimir Sobotka in Inferno zone.
16:13 of 1st period - Off-side.
16:14 of 1st period - Vladimir Sobotka wins face-off versus Philippe Dupuis in neutral zone.
16:18 of 1st period - Icing by Kyle Lawson.
16:19 of 1st period - Philippe Dupuis wins face-off versus Vladimir Sobotka in Tamiflu zone.
16:36 of 1st period - Snap shot by Mike Duco.
16:36 of 1st period - Shot Blocked by Yannick Weber.
16:40 of 1st period - Snap shot by Mike Duco.
16:40 of 1st period - Stopped by Josh Harding without a rebound.
16:41 of 1st period - Greg Mauldin wins face-off versus Brian Boyle in Inferno zone.
16:44 of 1st period - Slapshot by Jonathan Sigalet.
16:44 of 1st period - Shot Misses the Net.
16:46 of 1st period - Slapshot by Petr Pohl.
16:46 of 1st period - Shot Blocked by Sami Vatanen.
16:48 of 1st period - Wrist shot by Jan Mursak.
16:48 of 1st period - Shot Misses the Net.
16:50 of 1st period - Slapshot by Nathan Oystrick.
16:50 of 1st period - Stopped by Josh Harding with a rebound.
16:52 of 1st period - Wrist shot by Jan Mursak.
16:52 of 1st period - Goal by Jan Mursak - Inferno : 0 - Tamiflu : 1.
16:53 of 1st period - Vladimir Sobotka wins face-off versus Greg Mauldin in neutral zone.
17:22 of 1st period - Snap shot by Brian Boyle.
17:22 of 1st period - Stopped by Mike McKenna with a rebound.
17:38 of 1st period - Mike Duco is hit by Cal O'Reilly and loses puck.
17:43 of 1st period - Snap shot by Pavel Vorobiev.
17:43 of 1st period - Shot Misses the Net.
17:45 of 1st period - Wrist shot by Pavel Vorobiev.
17:45 of 1st period - Shot Misses the Net.
17:47 of 1st period - Slapshot by Pavel Vorobiev.
17:47 of 1st period - Stopped by Mike McKenna without a rebound.
17:48 of 1st period - Vladimir Sobotka wins face-off versus Greg Mauldin in Tamiflu zone.
17:54 of 1st period - Icing by Petr Pohl.
17:55 of 1st period - Vladimir Sobotka wins face-off versus Greg Mauldin in Tamiflu zone.
18:55 of 1st period - Slapshot by Nathan Oystrick.
18:55 of 1st period - Shot Blocked by Pavel Vorobiev.
18:57 of 1st period - Slapshot by Jonathan Sigalet.
18:57 of 1st period - Deflect By Ben Hanowski.
18:57 of 1st period - Stopped by Josh Harding with a rebound.
19:26 of 1st period - Icing by Casey Wellman.
19:27 of 1st period - Philippe Dupuis wins face-off versus Vladimir Sobotka in Tamiflu zone.
19:42 of 1st period - Slapshot by Mike Duco.
19:42 of 1st period - Shot Misses the Net.
Goals for this period are 0 for Inferno vs 1 for Tamiflu.
Shots for this period are 12 for Inferno vs 11 for Tamiflu.
2nd period
0:01 of 2nd period - Greg Mauldin wins face-off versus Vladimir Sobotka in neutral zone.
0:04 of 2nd period - Slapshot by Nathan Oystrick.
0:04 of 2nd period - Shot Blocked by Jonathan Ferland.
0:29 of 2nd period - Slapshot by Brendan Mikkelson.
0:29 of 2nd period - Shot Misses the Net.
0:35 of 2nd period - Yannick Weber is hit by Casey Wellman.
0:44 of 2nd period - Icing by Nathan Oystrick.
0:45 of 2nd period - Cal O'Reilly wins face-off versus Casey Wellman in Tamiflu zone.
0:54 of 2nd period - Snap shot by Jonathan Sigalet.
0:54 of 2nd period - Shot Blocked by Sami Vatanen.
0:56 of 2nd period - Slapshot by Tye McGinn.
0:56 of 2nd period - Stopped by Josh Harding with a rebound.
0:58 of 2nd period - Snap shot by Casey Wellman.
0:58 of 2nd period - Shot Blocked by Vladimir Sobotka.
1:00 of 2nd period - Slapshot by Jonathan Sigalet.
1:00 of 2nd period - Stopped by Josh Harding with a rebound.
1:02 of 2nd period - Snap shot by Nino Niederreiter.
1:02 of 2nd period - Deflect By Casey Wellman.
1:02 of 2nd period - Stopped by Josh Harding with a rebound.
1:04 of 2nd period - Snap shot by Nino Niederreiter.
1:04 of 2nd period - Deflect By Casey Wellman.
1:04 of 2nd period - Stopped by Josh Harding without a rebound.
1:05 of 2nd period - Greg Mauldin wins face-off versus Brian Boyle in Inferno zone.
1:08 of 2nd period - Wrist shot by Greg Mauldin.
1:08 of 2nd period - Deflect By Brian Boyle.
1:08 of 2nd period - Shot Blocked by Brendan Mikkelson.
1:08 of 2nd period - Puck is out of play.
1:09 of 2nd period - Brian Boyle wins face-off versus Greg Mauldin in Inferno zone.
1:09 of 2nd period - Vladimir Zharkov is hit by Kyle Lawson.
1:20 of 2nd period - Icing by Kyle Lawson.
1:21 of 2nd period - Vladimir Sobotka wins face-off versus Greg Mauldin in Tamiflu zone.
1:24 of 2nd period - Wrist shot by Stephane Veilleux.
1:24 of 2nd period - Shot Misses the Net.
1:34 of 2nd period - Snap shot by Jonathan Ferland.
1:34 of 2nd period - Stopped by Mike McKenna without a rebound.
1:35 of 2nd period - Vladimir Sobotka wins face-off versus Jan Mursak in Tamiflu zone.
1:38 of 2nd period - Slapshot by Vladimir Sobotka.
1:38 of 2nd period - Shot Misses the Net.
2:05 of 2nd period - Slapshot by Jonathan Sigalet.
2:05 of 2nd period - Stopped by Josh Harding with a rebound.
2:09 of 2nd period - Snap shot by Nino Niederreiter.
2:09 of 2nd period - Shot Misses the Net.
2:47 of 2nd period - Snap shot by Mike Duco.
2:47 of 2nd period - Deflect By Philippe Dupuis.
2:47 of 2nd period - Shot Blocked by Anders Lee.
2:47 of 2nd period - Puck is out of play.
2:48 of 2nd period - Vladimir Sobotka wins face-off versus Philippe Dupuis in Inferno zone.
3:44 of 2nd period - Snap shot by Anders Lee.
3:44 of 2nd period - Stopped by Mike McKenna with a rebound.
4:02 of 2nd period - Slapshot by Pavel Vorobiev.
4:02 of 2nd period - Shot Misses the Net.
4:04 of 2nd period - Slapshot by Yannick Weber.
4:04 of 2nd period - Shot Blocked by Kyle Lawson.
4:06 of 2nd period - Snap shot by Christian Folin.
4:06 of 2nd period - Goal by Christian Folin - Inferno : 1 - Tamiflu : 1.
4:07 of 2nd period - Nino Niederreiter wins face-off versus Vladimir Sobotka in neutral zone.
4:12 of 2nd period - Slapshot by Nathan Oystrick.
4:12 of 2nd period - Shot Misses the Net.
4:14 of 2nd period - Wrist shot by Casey Wellman.
4:14 of 2nd period - Stopped by Josh Harding with a rebound.
4:16 of 2nd period - Slapshot by Jonathan Sigalet.
4:16 of 2nd period - Stopped by Josh Harding with a rebound.
4:18 of 2nd period - Wrist shot by Nino Niederreiter.
4:18 of 2nd period - Shot Blocked by Jonathan Ferland.
4:36 of 2nd period - Snap shot by Vladimir Zharkov.
4:36 of 2nd period - Shot Blocked by Jonathan Sigalet.
4:54 of 2nd period - Philippe Dupuis is hit by Pavel Vorobiev and loses puck.
6:15 of 2nd period - Icing by Brian Boyle.
6:16 of 2nd period - Philippe Dupuis wins face-off versus Vladimir Zharkov in Inferno zone.
6:17 of 2nd period - Wrist shot by Nathan Oystrick.
6:17 of 2nd period - Shot Misses the Net.
6:52 of 2nd period - Off-side.
6:53 of 2nd period - Greg Mauldin wins face-off versus Vladimir Sobotka in neutral zone.
6:58 of 2nd period - Wrist shot by Jan Mursak.
6:58 of 2nd period - Shot Misses the Net.
7:00 of 2nd period - Snap shot by Greg Mauldin.
7:00 of 2nd period - Shot Misses the Net.
7:04 of 2nd period - Wrist shot by Greg Mauldin.
7:04 of 2nd period - Stopped by Josh Harding with a rebound.
7:06 of 2nd period - Wrist shot by Petr Pohl.
7:06 of 2nd period - Stopped by Josh Harding with a rebound.
7:08 of 2nd period - Snap shot by Petr Pohl.
7:08 of 2nd period - Goal by Petr Pohl - Inferno : 1 - Tamiflu : 2.
7:09 of 2nd period - Petr Pohl wins face-off versus Vladimir Sobotka in neutral zone.
7:14 of 2nd period - Jonathan Ferland is hit by Jan Mursak and loses puck.
8:09 of 2nd period - Yannick Weber is hit by Philippe Dupuis and loses puck.
8:36 of 2nd period - Justin Braun is hit by Jonathan Ferland.
8:50 of 2nd period - Wrist shot by Mike Duco.
8:50 of 2nd period - Shot Misses the Net.
9:34 of 2nd period - Wrist shot by Vladimir Sobotka.
9:34 of 2nd period - Stopped by Mike McKenna without a rebound.
9:35 of 2nd period - Brian Boyle wins face-off versus Greg Mauldin in Tamiflu zone.
9:40 of 2nd period - Snap shot by Brian Boyle.
9:40 of 2nd period - Stopped by Mike McKenna without a rebound.
9:41 of 2nd period - Vladimir Zharkov wins face-off versus Greg Mauldin in Tamiflu zone.
9:52 of 2nd period - Snap shot by Jan Mursak.
9:52 of 2nd period - Shot Misses the Net.
9:54 of 2nd period - Snap shot by Jonathan Sigalet.
9:54 of 2nd period - Deflect By Brian Boyle.
9:54 of 2nd period - Stopped by Josh Harding with a rebound.
11:20 of 2nd period - Snap shot by Jordan Hendry.
11:20 of 2nd period - Shot Misses the Net.
11:22 of 2nd period - Snap shot by Ben Hanowski.
11:22 of 2nd period - Shot Misses the Net.
11:24 of 2nd period - Slapshot by Kyle Lawson.
11:24 of 2nd period - Stopped by Josh Harding without a rebound.
11:25 of 2nd period - Brian Boyle wins face-off versus Garrett Wilson in Inferno zone.
11:49 of 2nd period - Snap shot by Ben Hanowski.
11:49 of 2nd period - Shot Misses the Net.
11:57 of 2nd period - Greg McKegg is hit by Pavel Vorobiev and loses puck.
12:17 of 2nd period - Petr Pohl is hit by Beau Bennett and loses puck.
13:29 of 2nd period - Wrist shot by Ben Hanowski.
13:29 of 2nd period - Stopped by Josh Harding with a rebound.
13:46 of 2nd period - Icing by Jordan Hendry.
13:47 of 2nd period - Petr Pohl wins face-off versus Brian Boyle in Tamiflu zone.
14:02 of 2nd period - Snap shot by Jake Dowell.
14:02 of 2nd period - Deflect By Vladimir Zharkov.
14:02 of 2nd period - Stopped by Mike McKenna without a rebound.
14:03 of 2nd period - Vladimir Sobotka wins face-off versus Casey Wellman in Tamiflu zone.
14:04 of 2nd period - Snap shot by Stephane Veilleux.
14:04 of 2nd period - Stopped by Mike McKenna with a rebound.
14:30 of 2nd period - Nathan Oystrick is hit by Brian Boyle and loses puck.
14:39 of 2nd period - Snap shot by Brian Boyle.
14:39 of 2nd period - Stopped by Mike McKenna with a rebound.
15:01 of 2nd period - Jordan Hendry is hit by Christian Folin and loses puck.
16:08 of 2nd period - Wrist shot by Garrett Wilson.
16:08 of 2nd period - Stopped by Josh Harding with a rebound.
16:10 of 2nd period - Backhand shot by Ben Hanowski.
16:10 of 2nd period - Shot Misses the Net.
16:12 of 2nd period - Wrist shot by Ben Hanowski.
16:12 of 2nd period - Stopped by Josh Harding with a rebound.
16:14 of 2nd period - Slapshot by Jordan Hendry.
16:14 of 2nd period - Shot Blocked by Sami Vatanen.
16:32 of 2nd period - Wrist shot by Ben Hanowski.
16:32 of 2nd period - Shot Misses the Net.
16:34 of 2nd period - Snap shot by Ben Hanowski.
16:34 of 2nd period - Goal by Ben Hanowski - Inferno : 1 - Tamiflu : 3.
16:35 of 2nd period - Vladimir Sobotka wins face-off versus Greg Mauldin in neutral zone.
16:37 of 2nd period - Minor Penalty to Stephane Veilleux for Hooking.
16:38 of 2nd period - Vladimir Sobotka wins face-off versus Jan Mursak in Inferno zone.
17:27 of 2nd period - Off-side.
17:28 of 2nd period - Vladimir Sobotka wins face-off versus Greg Mauldin in neutral zone.
17:58 of 2nd period - Brian Boyle is hit by Mike Duco and loses puck.
18:37 of 2nd period - Penalty to Stephane Veilleux is over, Stephane Veilleux is back on ice.
18:48 of 2nd period - Snap shot by Cal O'Reilly.
18:48 of 2nd period - Shot Misses the Net.
18:50 of 2nd period - Snap shot by Christian Folin.
18:50 of 2nd period - Shot Misses the Net.
19:25 of 2nd period - Beau Bennett is hit by Petr Pohl and loses puck.
Goals for this period are 1 for Inferno vs 2 for Tamiflu.
Shots for this period are 8 for Inferno vs 16 for Tamiflu.
3rd period
0:01 of 3rd period - Jan Mursak wins face-off versus Vladimir Sobotka in neutral zone.
0:16 of 3rd period - Snap shot by Stephane Veilleux.
0:16 of 3rd period - Stopped by Mike McKenna without a rebound.
0:17 of 3rd period - Brian Boyle wins face-off versus Casey Wellman in Tamiflu zone.
0:29 of 3rd period - Minor Penalty to Nino Niederreiter for Tripping.
0:30 of 3rd period - Greg Mauldin wins face-off versus Vladimir Sobotka in Tamiflu zone.
2:29 of 3rd period - Penalty to Nino Niederreiter is over, Nino Niederreiter is back on ice.
2:51 of 3rd period - Icing by Justin Braun.
2:52 of 3rd period - Cal O'Reilly wins face-off versus Greg McKegg in Tamiflu zone.
3:01 of 3rd period - Snap shot by Cal O'Reilly.
3:01 of 3rd period - Shot Misses the Net.
3:32 of 3rd period - Nathan Oystrick is hit by Anders Lee and loses puck.
3:41 of 3rd period - Icing by Jan Mursak.
3:42 of 3rd period - Vladimir Sobotka wins face-off versus Greg Mauldin in Tamiflu zone.
3:49 of 3rd period - Snap shot by Stephane Veilleux.
3:49 of 3rd period - Shot Misses the Net.
4:03 of 3rd period - Minor Penalty to Kyle Lawson for Boarding.
4:04 of 3rd period - Greg Mauldin wins face-off versus Vladimir Sobotka in Tamiflu zone.
5:22 of 3rd period - Slapshot by Jordan Hendry.
5:22 of 3rd period - Stopped by Josh Harding without a rebound.
5:23 of 3rd period - Philippe Dupuis wins face-off versus Cal O'Reilly in Inferno zone.
5:36 of 3rd period - Backhand shot by Nathan Oystrick.
5:36 of 3rd period - Shot Misses the Net.
5:44 of 3rd period - Evgeny Kuznetsov is hit by Garrett Wilson and loses puck.
6:03 of 3rd period - Penalty to Kyle Lawson is over, Kyle Lawson is back on ice.
6:22 of 3rd period - Zach Redmond is hit by Greg Mauldin and loses puck.
6:29 of 3rd period - Snap shot by Colby Robak.
6:29 of 3rd period - Shot Misses the Net.
6:31 of 3rd period - Slapshot by Colby Robak.
6:31 of 3rd period - Stopped by Mike McKenna without a rebound.
6:32 of 3rd period - Casey Wellman wins face-off versus Vladimir Sobotka in Tamiflu zone.
6:41 of 3rd period - Slapshot by Stephane Veilleux.
6:41 of 3rd period - Shot Blocked by Justin Braun.
6:43 of 3rd period - Wrist shot by Brendan Mikkelson.
6:43 of 3rd period - Shot Misses the Net.
6:45 of 3rd period - Slapshot by Brendan Mikkelson.
6:45 of 3rd period - Shot Misses the Net.
7:01 of 3rd period - Brendan Mikkelson is hit by Mike Duco and loses puck.
7:18 of 3rd period - Snap shot by Garrett Wilson.
7:18 of 3rd period - Deflect By Greg McKegg.
7:18 of 3rd period - Stopped by Josh Harding without a rebound.
7:19 of 3rd period - Greg McKegg wins face-off versus Jonathan Ferland in Inferno zone.
7:26 of 3rd period - Snap shot by Ben Hanowski.
7:26 of 3rd period - Stopped by Josh Harding with a rebound.
7:29 of 3rd period - Icing by Brian Boyle.
7:30 of 3rd period - Greg Mauldin wins face-off versus Brian Boyle in Inferno zone.
7:39 of 3rd period - Wrist shot by Petr Pohl.
7:39 of 3rd period - Stopped by Josh Harding with a rebound.
7:41 of 3rd period - Snap shot by Jonathan Sigalet.
7:41 of 3rd period - Shot Misses the Net.
7:43 of 3rd period - Backhand shot by Petr Pohl.
7:43 of 3rd period - Deflect By Greg Mauldin.
7:43 of 3rd period - Shot Blocked by Simon Danis-Pepin.
7:43 of 3rd period - Puck is out of play.
7:44 of 3rd period - Greg Mauldin wins face-off versus Cal O'Reilly in Inferno zone.
7:45 of 3rd period - Slapshot by Petr Pohl.
7:45 of 3rd period - Deflect By Jan Mursak.
7:45 of 3rd period - Stopped by Josh Harding with a rebound.
7:52 of 3rd period - Icing by Cal O'Reilly.
7:53 of 3rd period - Greg Mauldin wins face-off versus Cal O'Reilly in Inferno zone.
7:57 of 3rd period - Minor Penalty to Cal O'Reilly for Hooking.
7:58 of 3rd period - Jonathan Ferland wins face-off versus Greg Mauldin in Inferno zone.
8:58 of 3rd period - Brian Boyle is hit by Mike Duco.
9:57 of 3rd period - Penalty to Cal O'Reilly is over, Cal O'Reilly is back on ice.
10:28 of 3rd period - Snap shot by Brian Boyle.
10:28 of 3rd period - Goal by Brian Boyle - Inferno : 2 - Tamiflu : 3.
10:29 of 3rd period - Brian Boyle wins face-off versus Casey Wellman in neutral zone.
10:32 of 3rd period - Nathan Oystrick is hit by Vladimir Zharkov and loses puck.
10:39 of 3rd period - Slapshot by Brian Boyle.
10:39 of 3rd period - Deflect By Vladimir Zharkov.
10:39 of 3rd period - Stopped by Mike McKenna without a rebound.
10:40 of 3rd period - Vladimir Sobotka wins face-off versus Greg Mauldin in Tamiflu zone.
10:49 of 3rd period - Slapshot by Jonathan Ferland.
10:49 of 3rd period - Shot Misses the Net.
10:51 of 3rd period - Snap shot by Stephane Veilleux.
10:51 of 3rd period - Stopped by Mike McKenna with a rebound.
10:53 of 3rd period - Wrist shot by Brendan Mikkelson.
10:53 of 3rd period - Stopped by Mike McKenna without a rebound.
10:54 of 3rd period - Cal O'Reilly wins face-off versus Greg Mauldin in Tamiflu zone.
10:57 of 3rd period - Snap shot by Cal O'Reilly.
10:57 of 3rd period - Stopped by Mike McKenna without a rebound.
10:58 of 3rd period - Greg Mauldin wins face-off versus Cal O'Reilly in Tamiflu zone.
11:37 of 3rd period - Snap shot by Brian Boyle.
11:37 of 3rd period - Shot Blocked by Nathan Oystrick.
11:43 of 3rd period - Minor Penalty to Petr Pohl for Hooking.
11:44 of 3rd period - Greg Mauldin wins face-off versus Vladimir Sobotka in Tamiflu zone.
13:43 of 3rd period - Penalty to Petr Pohl is over, Petr Pohl is back on ice.
13:49 of 3rd period - Slapshot by Mike Duco.
13:49 of 3rd period - Goal by Mike Duco - Inferno : 2 - Tamiflu : 4.
13:50 of 3rd period - Brian Boyle wins face-off versus Casey Wellman in neutral zone.
13:58 of 3rd period - Jonathan Sigalet is hit by Yannick Weber and loses puck.
14:01 of 3rd period - Snap shot by Jonathan Sigalet.
14:01 of 3rd period - Deflect By Casey Wellman.
14:01 of 3rd period - Shot Hit the Post.
14:01 of 3rd period - Puck is out of play.
14:02 of 3rd period - Greg Mauldin wins face-off versus Vladimir Sobotka in Inferno zone.
14:53 of 3rd period - Snap shot by Tye McGinn.
14:53 of 3rd period - Stopped by Josh Harding with a rebound.
14:55 of 3rd period - Snap shot by Tye McGinn.
14:55 of 3rd period - Stopped by Josh Harding without a rebound.
14:56 of 3rd period - Vladimir Sobotka wins face-off versus Casey Wellman in Inferno zone.
14:56 of 3rd period - Vladimir Sobotka is hit by Jordan Hendry.
15:08 of 3rd period - Wrist shot by Jonathan Ferland.
15:08 of 3rd period - Stopped by Mike McKenna without a rebound.
15:09 of 3rd period - Cal O'Reilly wins face-off versus Philippe Dupuis in Tamiflu zone.
15:34 of 3rd period - Vladimir Sobotka is hit by Jordan Hendry and loses puck.
16:30 of 3rd period - Pavel Vorobiev is hit by Philippe Dupuis and loses puck.
16:38 of 3rd period - Off-side.
16:39 of 3rd period - Vladimir Sobotka wins face-off versus Philippe Dupuis in neutral zone.
17:28 of 3rd period - Slapshot by Nino Niederreiter.
17:28 of 3rd period - Shot Blocked by Zach Redmond.
17:30 of 3rd period - Snap shot by Casey Wellman.
17:30 of 3rd period - Shot Misses the Net.
17:54 of 3rd period - Slapshot by Beau Bennett.
17:54 of 3rd period - Shot Blocked by Jonathan Sigalet.
18:13 of 3rd period - Stephane Veilleux is hit by Nino Niederreiter and loses puck.
18:28 of 3rd period - Backhand shot by Brendan Mikkelson.
18:28 of 3rd period - Deflect By Greg Mauldin.
18:28 of 3rd period - Stopped by Mike McKenna with a rebound.
19:38 of 3rd period - Slapshot by Beau Bennett.
19:38 of 3rd period - Shot Blocked by Rich Clune.
Goals for this period are 1 for Inferno vs 1 for Tamiflu.
Shots for this period are 9 for Inferno vs 8 for Tamiflu.
Back to the Top